 Dungeon Crawl Stone Soup version 0.26-a0-490-gf8362a0c98 (webtiles) character file.

Game seed: 5510137092448212738

32 ANON1729 the Sneak (level 3, -1/31 HPs)
             Began as a Palentonga Delver on Aug 4, 2020.
             Killed by nerve-wracking pain
             ... invoked by Menkaure
              (12 damage)
             ... in an ossuary.
             The game lasted 00:04:13 (1082 turns).

ANON1729 the Sneak (Palentonga Delver)              Turns: 1082, Time: 00:04:13

Health: -1/31      AC:  4    Str: 16    XL:     3   Next: 8%
Magic:  3/3        EV: 10    Int: 10    God:
Gold:   0          SH:  0    Dex: 11    Spells: 2/2 levels left

rFire    . . .     SeeInvis +   a - +0 falchion
rCold    . . .     Faith    .   (no shield)
rNeg     . . .     Spirit   .   b - +0 leather armour
rPois    .         Reflect  .   (no helmet)
rElec    .         Harm     .   (no cloak)
rCorr    .                      (no gloves)
MR       .....                  (boots restricted)
Stlth    ++........             (no amulet)
HPRegen  0.10/turn              (no ring)
MPRegen  0.08/turn              (no ring)

@: marked, hasted, very quick
A: large, rugged brown scales 3, see invisible, deformed body, roll, armoured
tail
a: Rolling Charge


You were in an ossuary.
You visited 1 branch of the dungeon, and saw 1 of its levels.
You also visited: Ossuary.

Inventory:

Hand Weapons
 a - a +0 falchion (weapon)
Armour
 b - a +0 leather armour (worn)
Wands
 g - a wand of digging (3)
Scrolls
 c - a scroll of fog
 d - a scroll of magic mapping
 e - a scroll of fear


   Skills:
 + Level 3.3 Fighting
 + Level 2.3 Long Blades
 + Level 2.0 Dodging
 + Level 3.6 Stealth


You had 2 spell levels left.
You didn't know any spells.
Your spell library was empty.

Dungeon Overview and Level Annotations

Branches:
Dungeon (5/15)            Ossuary (1/1)
 Temple: D:4-7

Altars:

Annotations:
Ossuary Menkaure


Innate Abilities, Weirdness & Mutations

You are completely covered in rugged brown scales. (AC +3, +7% HP)
You have supernaturally acute eyesight. (SInv)
Armour fits poorly on your strangely shaped body.
You can roll at foes to attack.
You have a long armoured tail.


Message History

The rat skeleton is heavily damaged.
The rat skeleton closely misses you.
You hit the rat skeleton.
The rat skeleton is almost destroyed.
Menkaure mumbles some strange words.
Menkaure seems to speed up.
The rat skeleton barely misses you.
You hit the rat skeleton.
You destroy the rat skeleton!
Menkaure points at you and mumbles some strange words.
Pain shoots through your body!
You feel yourself speed up.
Roll where?
Press: ? - help, Dir - move target cursor, f - Menkaure
Aim: Menkaure (fast)
You roll forward with a clatter of scales!
You hit Menkaure.
Your tail-slap misses Menkaure.
Menkaure is moderately damaged.
Menkaure gestures at you while chanting.
Pain shoots through your body!
You die...

##..##..##..##..##
##..##..####..##..##
##..##..######.^##..##
#..##..##....##^.##.^##
..##..##..##..##..##..##
.##..##^. ##..##..##..## ##..##.Z
##..##..##..## #..##.Z
##M.##..##..## ..##.Z
##@.##..##..## .## .
##○.##..##..## ## ##○.##..##..##
# ##..##^.##..## ##..##..##..##
##..##..##..##
######################..##..##..#
........^...........^^...##..##..
############################.^##.


You could see Menkaure (fast).

Vanquished Creatures
  3 gnoll zombies (Ossuary)
  2 gnoll skeletons (Ossuary)
  2 goblin skeletons (Ossuary)
  A goblin zombie (Ossuary)
  3 hobgoblin skeletons (Ossuary)
  2 hobgoblin zombies (Ossuary)
  4 kobold skeletons (Ossuary)
  5 kobold zombies (Ossuary)
  4 orc skeletons (Ossuary)
  9 orc zombies (Ossuary)
  7 rat skeletons (Ossuary)
  3 rat zombies (Ossuary)
45 creatures vanquished.

Notes
Turn   | Place    | Note
-------+----------+-------------------------------------------
     0 | D:5      | ANON1729 the Palentonga Delver began the quest for the Orb.
     0 | D:5      | Reached XP level 1. HP: 19/19 MP: 1/1
     0 | D:5      | Found a sand-covered staircase.
     7 | D:5      | Noticed a worker ant
     8 | D:5      | Noticed a sky beast
     9 | Ossuary  | Entered an ossuary
   395 | Ossuary  | Reached XP level 2. HP: 25/25 MP: 2/2
  1065 | Ossuary  | Reached XP level 3. HP: 31/31 MP: 3/3
  1075 | Ossuary  | Noticed Menkaure
  1082 | Ossuary  | Killed from afar by Menkaure

Illustrated notes

Levels and vault maps discovered:
D:5:      lemuel_ice_spiral_2, layout_rooms, marbit_many_paths, zin_angel,
          minmay_temple_entry_offerings, nicolae_ossuary_entry_ruins,
          basic_altar, uniq_duvessa
Ossuary:  ossuary_due_pyramid

Skill      XL: |  1  2 |
---------------+-------+-----
Dodging        | 2 |  2.0
Fighting       | |  3.3
Long Blades    | |  2.3
Stealth        | |  3.6

Action                   || total
-------------------------++-------
Melee: Falchion          ||   114
       Tailslap          ||    19
 Abil: Rolling Charge    ||     4
  Use: Potion            ||     1
Armor: Leather armour    ||    32
Dodge: Dodged            ||    48
       Rpst.: Falchion   ||    12

Table legend: (Time is in decaauts)
 A = Elapsed time spent in this place.
 B = Non-inter-level travel time spent in this place.
 C = Inter-level travel time spent in this place.
 D = Time resting spent in this place.
 E = Time spent auto-exploring this place.
 F = Levels seen in this place.
 G = Mean time per level.
                   A        B        C        D        E       F      G
               +--------+--------+--------+--------+--------+-----+--------+
         Total |   1103 |   1103 |      0 |    631 |     73 |   2 |  551.5 |
       Dungeon |      9 |      9 |      0 |      0 |      0 |   1 |    9.0 |
       Ossuary |   1094 |   1094 |      0 |    631 |     73 |   1 | 1094.0 |
               +--------+--------+--------+--------+--------+-----+--------+

Top non-repeatable levels by time:
 Ossuary: 1094 daAuts
     D:5: 9 daAuts
